 Dungeon Crawl Stone Soup version 0.26.0-91-g99b343417d (webtiles) character file.

Game seed: 9965688976925879505

2 growler the Sneak (level 1, 0/13 HPs)
             Began as a Vampire Enchanter on Feb 4, 2021.
             Slain by a dart slug (3 damage)
             ... on level 1 of the Dungeon.
             The game lasted 00:00:33 (67 turns).

growler the Sneak (Vampire Enchanter)                 Turns: 67, Time: 00:00:33

Health: 0/13       AC:  2    Str:  7    XL:     1   Next: 33%
Magic:  2/3        EV: 12    Int: 17    God:
Gold:   0          SH:  0    Dex: 14    Spells: 3/4 levels left

rFire    . . .     SeeInvis +   a - +1 dagger
rCold    . . .     Faith    .   (no shield)
rNeg     . . .     Spirit   .   b - +0 robe
rPois    .         Reflect  .   (no helmet)
rElec    .         Harm     .   (no cloak)
rCorr    .         Rampage  .   (no gloves)
Will     .....                  (no boots)
Stlth    +++.......             (no amulet)
HPRegen  0.24/turn              (no ring)
MPRegen  0.08/turn              (no ring)

@: regenerating quickly
A: fangs 3, see invisible, unbreathing
a: Exsanguinate


You were on level 1 of the Dungeon.
You visited 1 branch of the dungeon, and saw 1 of its levels.

Inventory:

Hand Weapons
 a - a +1 dagger (weapon)
Armour
 b - a +0 robe (worn)


   Skills:
 - Level 1.1 Short Blades
 - Level 2.1 Dodging
 + Level 4.6 Stealth
 - Level 2.0 Spellcasting
 + Level 4.5 Hexes


You had 3 spell levels left.
You knew the following spells:

 Your Spells              Type           Power        Failure   Level
a - Corona                Hex            18%          3%          1

Your spell library contained the following spells:

 Spells                   Type           Power        Failure   Level
 Confusing Touch          Hex            17%          9%          3
 Tukima's Dance           Hex            17%          9%          3
 Ensorcelled Hibernation  Hex/Ice        18%          12%         2
 Dazzling Flash           Conj/Hex       18%          22%         3


Dungeon Overview and Level Annotations

Branches:
Dungeon (1/15)

Altars:


Innate Abilities, Weirdness & Mutations

Your natural rate of healing is unusually fast.
You have razor-sharp teeth.
You have supernaturally acute eyesight. (SInv)
You can survive without breathing.


Message History

Welcome, growler the Vampire Enchanter.
Will you prevail where others failed? Will you find the Orb of Zot?
Found six dwarf skeletons and twelve kobold skeletons.
Found a staircase leading out of the dungeon.
Found an escape hatch in the floor.
You see here a kobold skeleton.
There is an escape hatch in the floor here.
You see here a kobold skeleton.
You open the door.
There is an open door here.
A kobold comes into view.
A kobold is nearby!
The helpless kobold fails to defend itself.
You puncture the kobold!
You kill the kobold!
No target in view!
A giant cockroach comes into view.
A goblin comes into view.
The helpless giant cockroach fails to defend itself.
You puncture the giant cockroach!
You kill the giant cockroach!
A dart slug comes into view.
You see here a giant cockroach corpse.
A bat comes into view.
The helpless goblin fails to defend itself.
You impale the goblin!!
You kill the goblin!
You hit the bat but do no damage. The bat hits you but does no damage.
The bat hits you.
You hit the bat but do no damage. The bat barely misses you.
The bat closely misses you.
You miss the bat. The bat closely misses you.
You barely miss the bat. The bat hits you. The bat hits you but does no damage.
You hit the bat but do no damage. The bat barely misses you.
The bat hits you but does no damage. The bat hits you but does no damage.
The dart slug bites you.
You hit the dart slug. The bat barely misses you.
You hit the dart slug but do no damage. The bat closely misses you.
The bat hits you. The dart slug bites you.
You hit the dart slug. The bat hits you. The dart slug launches a dart at you.
The slug dart hits you.
* * * LOW HITPOINT WARNING * * *
Unknown command.
Aim: a dart slug (moderately wounded, chance to affect: 71%)
The dart slug is outlined in light.
The bat closely misses you.
You hit the dart slug. The bat hits you.
* * * LOW HITPOINT WARNING * * *
The bat barely misses you. The dart slug bites you.
You die...

#......# #.#######...
#......# #.#........#
#......# #.#........#
#......####.#......... #
#.........#.#.........
#.#.........#...........
..........†....####.....
........................
......w@................
.......b................
............###.......#.
............# #.......#.
............# #.......#.
........##### #.......#.
........# #.......#.
........# #########. ##


You could see a dart slug (corona) and a bat.

Vanquished Creatures
  A giant cockroach (D:1)
  A goblin (D:1)
  A kobold (D:1)
3 creatures vanquished.

Notes
Turn   | Place    | Note
-------+----------+-------------------------------------------
     0 | D:1      | growler the Vampire Enchanter began the quest for the Orb.
     0 | D:1      | Reached XP level 1. HP: 13/13 MP: 3/3
    67 | D:1      | Slain by a dart slug

Illustrated notes

Levels and vault maps discovered:
D:1:      heliophobic_arrival_battle_scene, layout_basic,
          corexii_item_surrounded_by_moat

Action                   || total
-------------------------++-------
Melee: Dagger            ||    12
 Cast: Corona            ||     1
 Stab: Sleeping          ||     3
Armor: Robe              ||     4
Dodge: Dodged            ||     8
